AoeStats
← put here generic profile name

Arena

507111946Analyzed
4v4 RM · 17d ago on Sep 16, 2026· 48m 7s· 8 players
Game mode
Random Map
Map size
Large (8 player)
Population
200
Speed
Normal
Resources
Standard
Victory
Conquest
Starting age
Dark Age
Ending age
Imperial Age
RankedLock teamsTeams togetherTeam positionsShared explorationLock speedFull tech treeHidden civsTurbo modeCheats
Victory
Defeat
🇪🇸 Spanish · Spain
1029
+14
🇹🇼 Maya · Taiwan
1002
+15
🇬🇷 Hindustanis · Greece
955
+17
🇷🇴 Magyars · Romania
921
+20
994
-17
🇳🇱 Japanese · Netherlands
989
-17
🇺🇸 Khmer · United States
976
-16
🇸🇪 Chinese · Sweden
972
-16
EvenEdge
10:21 Feudal Age
14:59 Castle Age
13:25 Double-Bit Axe
13:50 Horse Collar
17:40 Heavy Plow
21:49 Wheelbarrow
23:10 Bow Saw
23:19 Gold Mining
25:54 Forging
25:49 Scale Barding Armor
29:34 Imperial Age
27:42 Husbandry
27:53 Bloodlines
33:38 Iron Casting
35:39 Siege Engineers
35:43 Double Crossbow
35:37 Heavy Scorpion
38:04 Chemistry
37:39 Capped Ram
39:29 Light Cavalry
put here generic profile name
10:54 Feudal Age
14:56 Castle Age
13:25 Double-Bit Axe
13:46 Horse Collar
17:48 Bow Saw
19:01 Loom
21:35 Wheelbarrow
24:41 Hand Cart
24:30 Gold Mining
24:32 Stone Mining
26:13 Heavy Plow
28:00 Stone Shaft Mining
31:40 Imperial Age
29:22 Forging
29:17 Scale Barding Armor
29:26 Bloodlines
29:16 Husbandry
29:24 Loom
30:04 Fortified Wall
29:37 Treadmill Crane
29:59 Town Watch
31:55 Iron Casting
31:40 Chain Barding Armor
31:42 Elite Leitis
34:12 Two-Man Saw
33:48 Crop Rotation
34:16 Plate Barding Armor
36:24 Chemistry
36:42 Fletching
38:34 Bodkin Arrow
39:02 Ballistics
38:56 Masonry
41:37 Murder Holes
42:28 Conscription
42:15 Tower Shields
44:00 Pikeman
44:41 Squires
44:43 Scale Mail Armor
Drac
1:17 Loom
11:18 Feudal Age
11:48 Double-Bit Axe
11:57 Horse Collar
14:10 Wheelbarrow
22:16 Castle Age
22:49 Pikeman
23:30 Squires
Cheapp Sheepp
10:16 Feudal Age
9:11 Loom
15:51 Castle Age
15:01 Town Watch
15:33 Horse Collar
19:05 Double-Bit Axe
21:47 Fletching
23:43 Fortified Wall
24:46 Murder Holes
24:55 Gambesons
25:24 Scale Mail Armor
26:34 Wheelbarrow
26:30 Heavy Plow
27:27 Bow Saw
27:33 Forging
27:26 Squires
29:07 Hand Cart
29:07 Pikeman
29:33 Arson
30:43 Town Patrol
31:47 Masonry
36:25 Imperial Age
34:21 Chain Mail Armor
34:11 Padded Archer Armor
34:08 Bodkin Arrow
34:10 Elite Skirmisher
36:08 Leather Archer Armor
36:30 Iron Casting
37:18 Thumb Ring
38:03 Ring Archer Armor
38:13 Plate Mail Armor
38:20 Bracer
38:04 Halberdier
41:05 Blast Furnace
40:54 Hoardings
40:43 Conscription
40:02 Elite Samurai
Cann
0:29 Loom
11:12 Feudal Age
15:48 Castle Age
13:50 Stone Mining
14:21 Double-Bit Axe
15:08 Horse Collar
15:44 Gold Mining
18:59 Bow Saw
21:58 Wheelbarrow
27:56 Imperial Age
26:01 Fletching
26:12 Padded Archer Armor
27:45 Ballistics
27:25 Bodkin Arrow
28:53 Bracer
30:23 Chemistry
29:46 Leather Archer Armor
30:18 Thumb Ring
32:13 Hand Cart
31:46 Elite Skirmisher
32:51 Conscription
32:32 Hul'che Javelineers
33:57 Two-Man Saw
33:29 Heavy Plow
34:48 Ring Archer Armor
36:05 Elite Plumed Archer
37:46 Crossbowman
39:06 Arbalester
aktaa_darwish
0:28 Loom
11:32 Feudal Age
12:34 Double-Bit Axe
18:29 Castle Age
16:39 Horse Collar
20:33 Bloodlines
20:24 Husbandry
22:43 Pikeman
25:08 Wheelbarrow
24:41 Heavy Plow
24:59 Bow Saw
31:24 Town Watch
34:51 Imperial Age
32:31 Corvinian Army
32:37 Stone Mining
32:39 Gold Mining
32:59 Scale Barding Armor
32:55 Scale Mail Armor
33:48 Town Patrol
34:07 Hand Cart
35:31 Gold Shaft Mining
35:45 Chain Barding Armor
35:41 Chain Mail Armor
35:40 Elite Magyar Huszar
36:43 Conscription
36:59 Crop Rotation
37:32 Two-Man Saw
37:10 Plate Barding Armor
46:16 Halberdier
46:43 Arson
Makis
10:37 Feudal Age
12:32 Double-Bit Axe
15:06 Castle Age
13:14 Horse Collar
16:03 Bow Saw
20:18 Wheelbarrow
21:52 Hand Cart
21:41 Heavy Plow
23:30 Gold Mining
24:55 Stone Mining
25:42 Gold Shaft Mining
29:39 Imperial Age
27:35 Scale Barding Armor
27:41 Forging
27:21 Loom
27:22 Town Watch
28:28 Stone Shaft Mining
29:59 Bloodlines
29:51 Husbandry
30:14 Chain Barding Armor
30:29 Iron Casting
30:08 Masonry
30:21 Grand Trunk Road
29:53 Heavy Camel Rider
31:31 Plate Barding Armor
32:33 Conscription
33:15 Blast Furnace
31:56 Imperial Camel Rider
36:20 Fletching
37:34 Two-Man Saw
38:19 Hoardings
38:03 Bodkin Arrow
39:14 Chemistry
38:35 Ballistics
37:47 Light Cavalry
garmorata
9:43 Feudal Age
10:11 Double-Bit Axe
10:07 Horse Collar
18:21 Castle Age
16:44 Stone Mining
21:36 Gold Mining
22:28 Gold Mining
24:12 Bow Saw
26:13 Wheelbarrow
25:23 Loom
25:24 Town Watch
27:25 Heavy Plow
33:18 Imperial Age
31:51 Fletching
32:03 Scale Mail Armor
32:14 Forging
32:48 Hand Cart
32:01 Pikeman
33:29 Squires
33:17 Gambesons
33:21 Arson
35:07 Chemistry
33:34 Halberdier
35:56 Two-Man Saw
38:38 Chain Mail Armor
38:59 Iron Casting
38:55 Ballistics
47:23 Murder Holes
47:43 Masonry
Connection lost

Rejoining the realm…

Still unreachable

The connection could not be restored.

Session expired

The server has moved on; the page needs a fresh start.